Map: Coda LE (Void)

Players

Javert - Winner!

  • Race: Zerg Zerg
  • League: Grandmaster

VOD

Have the link to the VOD?

Description

Time

  • Played on: June 23, 2015, 11:53 p.m.
  • Length: 3:59
Show
View Real Time Build Order
Export as new Build Order

Javert Zerg - Winner!

Build Orders: Hatch First 

Get SALT Encoding   

  12  0:02  Drone  
  12  0:13  Overlord  
  12  0:20  Drone  
  12  0:32  Drone x2  
  12  0:51  Hatchery  
  12  0:53  Drone  
  12  0:57  Extractor  
  12  0:59  Drone  
  12  1:05  Drone  
  12  1:09  Drone  
  12  1:22  Spawning Pool  
  12  1:25  Drone  
  12  1:33  Overlord  
  12  1:44  Drone  
  12  1:51  Drone  
  12  2:01  Drone  
  12  2:09  Metabolic Boost  
  12  2:10  Queen  
  12  2:12  Queen  
  12  2:16  Zergling x2  
  12  2:19  Zergling x2  
  12  2:21  Zergling x2  
  12  2:28  Zergling x4  
  12  2:35  Zergling x4  
  12  2:50  Overlord  
  12  2:57  Drone x3  
  12  3:14  Drone x2  
  12  3:30  Drone  
  12  3:31  Drone x6  
  12  3:56  Hatchery  
Tags
 
Add a new tag
Caveats
  • Supply blocks, unpowered buildings, or Contaminate may cause inaccurate times.
  • Supply counts are checked every 10 seconds.